 Dungeon Crawl Stone Soup version 0.30-a0-916-g9813417 (webtiles) character file.

Game seed: 9306312880968590052

319 Nithhogg the Chopper (level 6, -1/55 HPs)
             Began as a Hill Orc Fighter on Mar 23, 2023.
             Slain by a gnoll
             ... wielding a +0 halberd
              (8 damage)
             ... on level 4 of the Dungeon.
             The game lasted 00:04:13 (2569 turns).

Nithhogg the Chopper (Hill Orc Fighter)             Turns: 2569, Time: 00:04:13

Health: -1/55      AC:  7    Str: 21    XL:     6   Next: 45%
Magic:  8/8        EV:  9    Int:  8    God:
Gold:   1044       SH:  0    Dex: 16    Spells: 5/5 levels left

rFire   . . .      SeeInvis .    a - +0 war axe
rCold   . . .      Faith    .    (no shield)
rNeg    . . .      Spirit   .    b - +0 scale mail
rPois   .          Reflect  .    (no helmet)
rElec   .          Rampage  .    (no cloak)
rCorr   .                        (no gloves)
Will    .....                    (no boots) Stlth
                                 (no amulet)
HPRegen 0.29/turn                f - +6 ring of dexterity
MPRegen 0.11/turn                (no ring)

@: no status effects
A: no striking features
a: no special abilities


You were on level 4 of the Dungeon.
You visited 1 branch of the dungeon, and saw 4 of its levels.

You collected 1044 gold pieces.

Inventory:

Hand Weapons
 a - a +0 war axe (weapon)
Armour
 b - a +0 scale mail (worn)
 c - a +0 buckler
Jewellery
 f - a +6 ring of dexterity (left hand)
Scrolls
 e - 3 scrolls of teleportation {unknown}
 g - 2 scrolls of identify
 i - a scroll of enchant armour
 j - 2 scrolls of fog {unknown}
 l - 2 scrolls of noise
 q - a scroll of immolation {unknown}
Potions
 d - a potion of might
 h - 2 potions of flight {unknown}
 k - a potion of heal wounds {unknown}
 m - 2 potions of ambrosia {unknown}
 n - 2 potions of curing {unknown}
 o - a potion of lignification {unknown}
 p - a potion of magic {unknown}


   Skills:
 + Level 4.9 Fighting
 * Level 5.9 Axes
 + Level 4.4 Armour
 - Level 3.2 Shields
 + Level 3.5 Invocations


You had 5 spell levels left.
You didn't know any spells.
Your spell library contained the following spells:

 Spells                   Type           Power      Damage    Failure   Level
 Blink                    Tloc           0%         N/A       86%         2
 Lesser Beckoning         Tloc           0%         N/A       86%         2
 Momentum Strike          Conj/Tloc      0%         3d8       86%         2


Dungeon Overview and Level Annotations

Branches:
Dungeon (4/15)
 Temple: D:4-7

Altars:
Sif Muna
Zin

Shops:
D:1 *


Message History

The gnoll hits you but does no damage.
You slash the gnoll!
You kill the gnoll!
You hit the gnoll.
The gnoll is heavily wounded.
The gnoll hits you with a +0 club.
The gnoll hits you from afar with a +0 halberd.
You hit the gnoll.
The gnoll is heavily wounded.
The gnoll hits you with a +0 club.
The gnoll hits you from afar with a +0 halberd! x2
The gnoll closely misses you.
You are too injured to fight recklessly!
You are too injured to fight recklessly!
You are too injured to fight recklessly!
You are too injured to fight recklessly!
You are too injured to fight recklessly!
You are too injured to fight recklessly!
You are too injured to fight recklessly!
You are too injured to fight recklessly!
You are too injured to fight recklessly!
You are too injured to fight recklessly!
You are too injured to fight recklessly!
You are too injured to fight recklessly!
You are too injured to fight recklessly!
You are too injured to fight recklessly!
You slash the gnoll!
You kill the gnoll!
The gnoll hits you from afar with a +0 halberd.
* * * LOW HITPOINT WARNING * * *
The gnoll barely misses you.
You completely miss the gnoll. The gnoll completely misses you.
You hit the gnoll.
The gnoll is heavily wounded.
The gnoll hits you with a +0 halberd!
* * * LOW HITPOINT WARNING * * *
You completely miss the gnoll.
The gnoll is heavily wounded.
The gnoll hits you with a +0 halberd!
You die...

### .########.#
......g@..#
.########$# #.# #.#
#.# #.############ .
#######.............
.
..............#####
###
#####..........####


You could see a gnoll.

Vanquished Creatures
  A phantom (D:4)
  A hound (D:4)
  An orc priest (D:3)
  An orc wizard (D:3)
  2 gnolls (D:4)
  5 adders
  A worm (D:2)
  5 dart slugs
  9 orcs
  7 ball pythons
  3 bats
  5 endoplasms
  4 giant cockroaches
  6 goblins
  6 hobgoblins
  2 jackals (D:1)
  2 kobolds
  6 quokkas
  A frilled lizard (D:2)
  5 rats
73 creatures vanquished.

Vanquished Creatures (others)
  8 plants (D:2)
8 creatures vanquished.

Grand Total: 81 creatures vanquished

Notes
Turn   | Place    | Note
-------+----------+-------------------------------------------
     0 | D:1      | Nithhogg the Hill Orc Fighter began the quest for the Orb.
     0 | D:1      | Reached XP level 1. HP: 19/19 MP: 1/1
   104 | D:1      | Reached skill level 3 in Axes
   204 | D:1      | Reached XP level 2. HP: 27/27 MP: 2/2
   344 | D:1      | Reached skill level 1 in Invocations
   468 | D:1      | Found Camuxzaj's General Store.
   681 | D:1      | Reached XP level 3. HP: 33/33 MP: 3/3
   858 | D:2      | Reached skill level 4 in Axes
   874 | D:2      | Reached XP level 4. HP: 37/40 MP: 5/5
  1179 | D:2      | Identified a scroll of acquirement
  1179 | D:2      | Acquired 888 gold pieces
  1283 | D:2      | You fall into a shaft and drop 1 floor!
  1655 | D:3      | Reached XP level 5. HP: 23/47 MP: 6/6
  1899 | D:3      | Found a glowing silver altar of Zin.
  1934 | D:3      | Reached skill level 5 in Axes
  2228 | D:4      | Found a shimmering blue altar of Sif Muna.
  2416 | D:4      | Noticed a phantom
  2425 | D:4      | Killed a phantom
  2426 | D:4      | Reached XP level 6. HP: 34/55 MP: 8/8
  2569 | D:4      | Slain by a gnoll

Illustrated notes

Levels and vault maps discovered:
D:1:      ncdulo_smallfort, layout_basic, serial_shops, shop,
          nicolae_figureground_sparkle
D:2:      cheibrodos_old_hovel, layout_rooms
D:3:      layout_rooms, mainiacjoe_overflow_concentric_impassable
D:4:      layout_basic, mainiacjoe_overflow_small_starburst

Skill      XL: |  1  2  3  4  5 |
---------------+----------------+-----
Axes           | 3 4 5 |  5.9
Invocations    | 1 2 3 |  3.5
Fighting       | 4 |  4.9
Armour         | 4 |  4.4
Shields        | |  3.2

Action                     |  1- 3 |  4- 6 || total
---------------------------+-------+-------++-------
  Melee: War axe           |    77 |   123 ||   200
         Punch             |     1 |     1 ||     2
    Use: Scroll            |       |     4 ||     4
 Armour: Scale mail        |    44 |    63 ||   107
  Dodge: Dodged            |    47 |    77 ||   124

Table legend: (Time is in decaauts)
 A = Elapsed time spent in this place.
 B = Non-inter-level travel time spent in this place.
 C = Inter-level travel time spent in this place.
 D = Time resting spent in this place.
 E = Time spent auto-exploring this place.
 F = Levels seen in this place.
 G = Mean time per level.
                   A        B        C        D        E       F      G
               +--------+--------+--------+--------+--------+-----+--------+
         Total |   2629 |   2484 |    145 |    199 |   1746 |   4 |  657.2 |
       Dungeon |   2629 |   2484 |    145 |    199 |   1746 |   4 |  657.2 |
               +--------+--------+--------+--------+--------+-----+--------+

Top non-repeatable levels by time:
     D:2: 869 daAuts
     D:1: 783 daAuts
     D:3: 616 daAuts
     D:4: 360 daAuts
